 Dungeon Crawl Stone Soup version 0.26-a0-812-g31a745ddcd (webtiles) character file.

Game seed: 10699094913382782973

45 vurker the Sneak (level 3, -6/25 HPs)
             Began as a Gnoll Enchanter on Dec 3, 2020.
             Mangled by a worm (8 damage)
             ... on level 2 of the Dungeon.
             The game lasted 00:01:44 (1847 turns).

vurker the Sneak (Gnoll Enchanter)                  Turns: 1847, Time: 00:01:45

Health: -6/25      AC:  2    Str: 10    XL:     3   Next: 64%
Magic:  9/9        EV: 14    Int: 18    God:
Gold:   44         SH:  0    Dex: 15    Spells: 11/12 levels left

rFire    . . .     SeeInvis .   a - +1 dagger
rCold    . . .     Faith    .   (no shield)
rNeg     . . .     Spirit   .   b - +0 robe
rPois    .         Reflect  .   (no helmet)
rElec    .         Harm     .   (no cloak)
rCorr    .         Rampage  .   (no gloves)
MR       .....                  (no boots)
Stlth    +++.......             (no amulet)
HPRegen  0.08/turn              (no ring)
MPRegen  0.11/turn              (no ring)

@: no status effects
A: distributed training, fangs 1, strong nose
a: no special abilities


You were on level 2 of the Dungeon.
You visited 1 branch of the dungeon, and saw 2 of its levels.

You collected 44 gold pieces.

Inventory:

Hand Weapons
 a - a +1 dagger (weapon)
Armour
 b - a +0 robe (worn)
Scrolls
 d - a scroll of remove curse {unknown}
Potions
 c - a potion of heal wounds {unknown}
 e - a potion of mutation {unknown}


   Skills:
 + Level 0.9 Fighting
 + Level 2.6 Short Blades
 + Level 0.9 Long Blades
 + Level 0.9 Axes
 + Level 0.9 Maces & Flails
 + Level 0.9 Polearms
 + Level 0.9 Staves
 + Level 0.9 Slings
 + Level 0.9 Bows
 + Level 0.9 Crossbows
 + Level 0.9 Throwing
 + Level 0.9 Armour
 + Level 4.5 Dodging
 + Level 6.0 Stealth
 + Level 0.9 Shields
 + Level 0.9 Unarmed Combat
 + Level 5.0 Spellcasting
 + Level 0.6 Conjurations
 + Level 5.4 Hexes
 + Level 0.6 Summonings
 + Level 0.6 Necromancy
 + Level 0.6 Translocations
 + Level 0.6 Transmutations
 + Level 0.6 Fire Magic
 + Level 0.6 Ice Magic
 + Level 0.6 Air Magic
 + Level 0.6 Earth Magic
 + Level 0.6 Poison Magic
 + Level 1.0 Invocations
 + Level 0.9 Evocations


You had 11 spell levels left.
You knew the following spells:

 Your Spells              Type           Power        Failure   Level
a - Corona                Hex            ###....      1%          1

Your spell library contained the following spells:

 Spells                   Type           Power        Failure   Level
 Confusing Touch          Hex            ###.....     4%          3
 Tukima's Dance           Hex            ###.....     4%          3
 Ensorcelled Hibernation  Hex/Ice        ###...       6%          2
 Dazzling Flash           Conj/Hex       ###...       12%         3


Dungeon Overview and Level Annotations

Branches:
Dungeon (2/15)

Altars:
Dithmenos
Fedhas


Innate Abilities, Weirdness & Mutations

Your experience applies equally to all skills.
You have very sharp teeth.
Your uncanny sense of smell can sniff out nearby items.


Message History

No target in view!
No target in view!
No target in view!
No target in view!
No target in view!
No target in view!
No target in view!
No target in view!
No target in view!
No target in view!
A kobold comes into view. It is wielding a +0 dagger.
A kobold is nearby!
A worm comes into view.
The kobold shouts!
You hit the kobold but do no damage. The kobold barely misses you.
You hit the kobold. The kobold hits you but does no damage.
You barely miss the kobold. The kobold hits you but does no damage.
You barely miss the kobold. The kobold misses you.
You hit the kobold.
You kill the kobold!
There is a stone staircase leading up here.
You climb upwards.
There is a stone staircase leading down here.
You start waiting.
Done waiting.
You climb downwards.
The worm closely misses you.
There is a stone staircase leading up here.
You hit the worm but do no damage. You barely miss the worm.
The worm bites you!
You hit the worm but do no damage. Your bite misses the worm. You hit the worm.
The worm barely misses you.
You hit the worm. You hit the worm. The worm closely misses you.
You hit the worm. The worm barely misses you.
You barely miss the worm. You hit the worm but do no damage.
The worm bites you.
* * * LOW HITPOINT WARNING * * *
You hit the worm. Your bite misses the worm. You hit the worm.
The worm bites you.
* * * LOW HITPOINT WARNING * * *
You hit the worm. You hit the worm. The worm bites you.
* * * LOW HITPOINT WARNING * * *
You hit the worm. You bite the worm, but do no damage.
You barely miss the worm. You bite the worm, but do no damage.
The worm misses you.
You barely miss the worm. The worm closely misses you.
You hit the worm. You hit the worm. The worm bites you!
You die...

....... .........
.........
........# #####
........# .....
........###..$..
........).......
.................
........@........
.........w''.....
#.._§.....##.....
#......$.# .....
####...÷.# ####
#.....# #.....#
###.....#
#.......#


You could see a worm.

Vanquished Creatures
  An ooze (D:1)
  A dart slug (D:1)
  3 bats (D:1)
  A giant cockroach (D:1)
  3 goblins
  4 hobgoblins
  7 jackals (D:1)
  7 kobolds
  A frilled lizard (D:1)
  8 rats (D:1)
36 creatures vanquished.

Notes
Turn   | Place    | Note
-------+----------+-------------------------------------------
     0 | D:1      | vurker the Gnoll Enchanter began the quest for the Orb.
     0 | D:1      | Reached XP level 1. HP: 13/13 MP: 6/6
   180 | D:1      | Reached XP level 2. HP: 16/19 MP: 7/7
   960 | D:1      | Reached XP level 3. HP: 25/25 MP: 9/9
  1070 | D:1      | Reached skill level 5 in Spellcasting
  1111 | D:1      | Reached skill level 6 in Stealth
  1147 | D:1      | HP: 1/25 [jackal (2)]
  1473 | D:1      | Reached skill level 1 in Invocations
  1565 | D:2      | Found a shadowy altar of Dithmenos.
  1571 | D:2      | Found a blossoming altar of Fedhas.
  1847 | D:2      | Mangled by a worm

Illustrated notes

Levels and vault maps discovered:
D:1:      scummos_arrival_gate, layout_basic
D:2:      minmay_chambers_of_twos, layout_basic,
          grunt_temple_overflow_forces_of_nature, old_standard_altar,
          grunt_dithmenos_smoke

Skill      XL: |  1  2  3 |
---------------+----------+-----
Spellcasting   | 5 |  5.0
Stealth        | 6 |  6.0
Invocations    | 1 |  1.0
Fighting       | |  0.9
Short Blades   | |  2.6
Long Blades    | |  0.9
Axes           | |  0.9
Maces & Flails | |  0.9
Polearms       | |  0.9
Staves         | |  0.9
Slings         | |  0.9
Bows           | |  0.9
Crossbows      | |  0.9
Throwing       | |  0.9
Armour         | |  0.9
Dodging        | |  4.5
Shields        | |  0.9
Unarmed Combat | |  0.9
Conjurations   | |  0.6
Hexes          | |  5.4
Summonings     | |  0.6
Necromancy     | |  0.6
Translocations | |  0.6
Transmutations | |  0.6
Fire Magic     | |  0.6
Ice Magic      | |  0.6
Air Magic      | |  0.6
Earth Magic    | |  0.6
Poison Magic   | |  0.6
Evocations     | |  0.9

Action                   || total
-------------------------++-------
Melee: Dagger            ||   153
       Bite              ||    10
       Punch             ||     1
 Stab: Sleeping          ||    12
Armor: Robe              ||    18
Dodge: Dodged            ||    89

Table legend: (Time is in decaauts)
 A = Elapsed time spent in this place.
 B = Non-inter-level travel time spent in this place.
 C = Inter-level travel time spent in this place.
 D = Time resting spent in this place.
 E = Time spent auto-exploring this place.
 F = Levels seen in this place.
 G = Mean time per level.
                   A        B        C        D        E       F      G
               +--------+--------+--------+--------+--------+-----+--------+
         Total |   1829 |   1823 |      6 |    100 |   1437 |   2 |  914.5 |
       Dungeon |   1829 |   1823 |      6 |    100 |   1437 |   2 |  914.5 |
               +--------+--------+--------+--------+--------+-----+--------+

Top non-repeatable levels by time:
     D:1: 1653 daAuts
     D:2: 176 daAuts
